 Dungeon Crawl Stone Soup version 0.29.1-15-g9cfb28693d (webtiles) character file.

Game seed: 5963486993167930219

224 Arctor the Digger (level 6, -2/35 HPs)
             Began as a Gargoyle Earth Elementalist on Feb 24, 2023.
             Killed by divine providence
             ... invoked by an orc priest
              (14 damage)
             ... on level 4 of the Dungeon.
             The game lasted 00:02:58 (3650 turns).

Arctor the Digger (Gargoyle Earth Elementalist)     Turns: 3650, Time: 00:02:59

Health: -2/35      AC:  8    Str: 12    XL:     6   Next: 0%
Magic:  8/10       EV: 13    Int: 17    God:
Gold:   118        SH:  5    Dex: 22    Spells: 9/10 levels left

rFire   . . .      SeeInvis .   o - +4 short sword
rCold   . . .      Faith    +   e - +0 buckler
rNeg    + . .      Spirit   .   a - +0 robe
rPois   ∞          Reflect  .   (no helmet)
rElec   +          Harm     .   (no cloak)
rCorr   .          Rampage  .   (no gloves)
Will    .....                   f - +1 pair of boots
Stlth   +++.......              k - amulet of faith
HPRegen 0.11/turn               m - +6 ring of dexterity
MPRegen 0.12/turn               r - +6 ring of dexterity

@: no status effects
A: sickness immunity, AC +4, negative energy resistance 1, electricity
resistance, torment resistance 1, petrification resistance
a: no special abilities


You were on level 4 of the Dungeon.
You visited 1 branch of the dungeon, and saw 4 of its levels.

You collected 118 gold pieces.

Inventory:

Hand Weapons
 o - a +4 short sword (weapon)
Missiles
 l - a throwing net
Armour
 a - a +0 robe (worn)
 e - a +0 buckler (worn)
 f - a +1 pair of boots (worn)
Jewellery
 k - an amulet of faith (around neck)
 m - a +6 ring of dexterity (left hand)
 r - a +6 ring of dexterity (right hand)
Scrolls
 c - 3 scrolls of enchant armour
 d - a scroll of vulnerability {unknown}
 h - a scroll of noise
 p - 2 scrolls of identify
 q - 3 scrolls of blinking {unknown}
Potions
 b - a potion of magic
 g - 2 potions of lignification
 i - a potion of invisibility
 j - 2 potions of might {unknown}
 n - a potion of mutation {unknown}
 s - a potion of attraction {unknown}


   Skills:
 + Level 2.2 Fighting
 + Level 0.8 Short Blades
 + Level 2.4 Dodging
 + Level 3.4 Stealth
 + Level 1.8 Shields
 + Level 2.8 Spellcasting
 - Level 0.8 Transmutations
 + Level 4.5 Earth Magic


You had 9 spell levels left.
You knew the following spells:

 Your Spells              Type           Power      Damage    Failure   Level
a - Sandblast             Erth           34%        2d9       3%          1

Your spell library contained the following spells:

 Spells                   Type           Power      Damage    Failure   Level
 Passwall                 Tmut/Erth      9%         N/A       12%         2
 Stone Arrow              Conj/Erth      20%        3d8       28%         3
 Petrify                  Tmut/Erth      11%        N/A       61%         4


Dungeon Overview and Level Annotations

Branches:
Dungeon (4/15)
 Temple: D:4-7

Altars:
Nemelex Xobeh
Vehumet

Shops:
D:3 (   D:4 **


Innate Abilities, Weirdness & Mutations

You are immune to sickness and miasma.
Your stone body is resilient. (AC +4)
You are immune to poison.
You resist negative energy. (rN+)
You are resistant to electric shocks. (rElec)
You are resistant to unholy torment.
You are immune to petrification.


Message History

You hear a shout!
You miss the goblin. The goblin hits you but does no damage.
You barely miss the goblin.
The orc priest invokes the aid of Beogh against you.
Beogh smites you! The goblin hits you but does no damage.
You hear a shout!
You hit the goblin.
You kill the goblin!
The goblin hits you but does no damage.
You hit the goblin.
The goblin is almost dead.
The goblin closely misses you. You block the goblin's attack.
You hit the goblin.
You kill the goblin!
You have reached level 6!
An orc priest comes into view. It is wielding a +0 hand axe.
The orc priest invokes the aid of Beogh against you.
Beogh smites you!
An iguana comes into view.
You hear a shout!
Casting: Sandblast (safe; 3% risk of failure)
Confirm with . or Enter, or press ? or * to list all spells.
Aiming: Sandblast (safe; 3% risk of failure)
Press: ? - help, Shift-Dir - straight line, f - orc priest
Aim: an orc priest, wielding a +0 dagger and wearing a +0 leather armour (82% to hit)
The blast of sand hits the orc priest.
The orc priest is moderately wounded.
The orc priest looks encouraged for a moment.
The orc priest hits you with a +0 dagger.
Casting: Sandblast (safe; 3% risk of failure)
Confirm with . or Enter, or press ? or * to list all spells.
Aiming: Sandblast (safe; 3% risk of failure)
Press: ? - help, Shift-Dir - straight line, f/p - orc priest
Aim: an orc priest, wielding a +0 dagger and wearing a +0 leather armour (moderately wounded, 82% to hit)
The blast of sand hits the orc priest.
The orc priest is moderately wounded.
You block the orc priest's attack.
The orc priest mumbles some strange prayers to Beogh against you.
Beogh smites you!
You die...

...........#
##.#.o....... ..
..#.....l.>!.........
..................#.
...................
#...)..............
#................#.
###o@).............#.
###....)..##...........
#...................†..
....#.......##.........#.
#####.########.........#.
####..# #.........
#....## #........ ##.##.#
##....... ##...###
##.####.


You could see an iguana and 2 orc priests.

Vanquished Creatures
  A black bear (D:4)
  An iguana (D:3)
  4 gnolls (D:2)
  An adder (D:4)
  3 dart slugs
  5 ball pythons
  6 endoplasms
  2 giant cockroaches (D:2)
  6 goblins
  A hobgoblin (D:3)
  6 jackals (D:2)
  5 quokkas
  2 bats
  4 frilled lizards
  A kobold (D:1)
  4 rats
52 creatures vanquished.

Notes
Turn   | Place    | Note
-------+----------+-------------------------------------------
     0 | D:1      | Arctor the Gargoyle Earth Elementalist began the quest for
                  | the Orb.
     0 | D:1      | Reached XP level 1. HP: 10/10 MP: 3/3
    23 | D:1      | Found a faded altar of an unknown god.
   296 | D:1      | Reached XP level 2. HP: 5/16 MP: 0/5
  1299 | D:2      | Reached skill level 1 in Fighting
  1299 | D:2      | Reached XP level 3. HP: 20/20 MP: 3/6
  1388 | D:2      | Reached skill level 4 in Earth Magic
  1410 | D:2      | Reached skill level 1 in Shields
  1418 | D:2      | Reached XP level 4. HP: 8/25 MP: 0/7
  2932 | D:3      | Reached XP level 5. HP: 24/30 MP: 8/8
  3088 | D:3      | Found Nefuante's Weapon Boutique.
  3375 | D:3      | Found a sparkling altar of Nemelex Xobeh.
  3386 | D:3      | Found a radiant altar of Vehumet.
  3523 | D:4      | Noticed a black bear
  3530 | D:4      | Killed a black bear
  3620 | D:4      | Found Fubik's General Store.
  3625 | D:4      | Found Tiusch's Specific Store.
  3648 | D:4      | Reached XP level 6. HP: 23/35 MP: 10/10
  3650 | D:4      | Killed from afar by an orc priest

Illustrated notes

Levels and vault maps discovered:
D:1:      beargit_arrival_greenhouse, layout_loops_ring,
          chequers_ecumenical_altar_island
D:2:      layout_loops_corners
D:3:      layout_loops_ring, minitemple, serial_shops,
          nicolae_shop_bloodbath_and_beyond
D:4:      layout_rooms, minmay_temple_entry_tees, nicolae_specific_store

Skill      XL: |  1  2  3  4  5 |
---------------+----------------+-----
Fighting       | 1 2 |  2.2
Earth Magic    | 4 |  4.5
Dodging        | 2 |  2.4
Shields        | 1 |  1.8
Stealth        | 3 |  3.4
Short Blades   | |  0.8
Spellcasting   | |  2.8
Transmutations | |  0.8

Action                   |  1- 3 |  4- 6 || total
-------------------------+-------+-------++-------
Melee: Unarmed           |    13 |     8 ||    21
       Short sword       |       |    42 ||    42
 Cast: Sandblast         |    38 |    33 ||    71
  Use: Scroll            |       |     4 ||     4
 Stab: Sleeping          |     1 |     1 ||     2
Armor: Robe              |    14 |    27 ||    41
Dodge: Dodged            |    25 |    27 ||    52
Block: Buckler           |     7 |    24 ||    31
